 Dungeon Crawl Stone Soup version 0.26-a0-661-g406de6ba63 (webtiles) character file.

Game seed: 7355102424159316203

87 halkony2012 the Chopper (level 4, 0/41 HPs)
             Began as a Hill Orc Monk on Oct 8, 2020.
             Succumbed to kobold's curare-tipped dart
             ... on level 3 of the Dungeon.
             The game lasted 00:04:26 (1964 turns).

halkony2012 the Chopper (Hill Orc Monk)             Turns: 1964, Time: 00:04:27

Health: 0/41       AC:  2    Str: 13 (14) XL:     4   Next: 51%
Magic:  4/4        EV: 12    Int:  8 (10) God:
Gold:   59         SH:  0    Dex: 10 (13) Spells: 3/3 levels left

rFire    . . .     SeeInvis .   a - +0 hand axe
rCold    . . .     Faith    .   (no shield)
rNeg     . . .     Spirit   .   b - +0 robe
rPois    .         Reflect  .   (no helmet)
rElec    .         Harm     .   (no cloak)
rCorr    .         Rampage  .   (no gloves)
MR       .....                  (no boots)
Stlth    ++........             (no amulet)
HPRegen  0.13/turn              (no ring)
MPRegen  0.09/turn              (no ring)

@: lethally poisoned (0 -> -12), slowed, very slow
A: no striking features
a: no special abilities


You were on level 3 of the Dungeon.
You visited 1 branch of the dungeon, and saw 3 of its levels.

You collected 59 gold pieces.

Inventory:

Hand Weapons
 a - a +0 hand axe (weapon)
Armour
 b - a +0 robe (worn)
Jewellery
 i - a +6 ring of strength {unknown}
 k - a cursed +6 ring of strength {unknown}
 l - a +4 ring of evasion {unknown}
Scrolls
 c - 3 scrolls of remove curse {unknown}
 d - 5 scrolls of teleportation {unknown}
 f - a scroll of enchant weapon {unknown}
 m - 2 scrolls of amnesia {unknown}
 o - a scroll of identify {unknown}
Potions
 e - a potion of resistance {unknown}
 g - a potion of flight {unknown}
 h - a potion of lignification {unknown}
 j - a potion of berserk rage {unknown}
 n - a potion of degeneration
 p - 2 potions of mutation {unknown}


   Skills:
 + Level 4.3 Fighting
 * Level 6.3 Axes
 - Level 2.4 Dodging
 - Level 1.5 Stealth


You had 3 spell levels left.
You didn't know any spells.
Your spell library was empty.

Dungeon Overview and Level Annotations

Branches:
Dungeon (3/15)

Altars:
Yredelemnul


Message History

The orc wizard casts a spell at you.
You are confused.
You hit the orc wizard.
The orc wizard is severely wounded.
The orc wizard barely misses you.
You hit the orc wizard.
You kill the orc wizard!
Your Axes skill increases to level 6!
The kobold throws a curare-tipped dart.
The curare-tipped dart hits you.
You are poisoned.
You have difficulty breathing.
* * * LOW HITPOINT WARNING * * *
You feel yourself slow down.
It was a potion of degeneration.
There was something very wrong with that liquid.
You feel weakened.
You feel dopey.
You feel clumsy.
* * * LOW HITPOINT WARNING * * *
You feel sick.
You feel less confused.
You die...

#. #...P.P...
###§###.#o._..#
#.......#.P.P.###
#.#....o.........
.............## #
#.........#>.....
#.###########.^#'#####
#..<.........K....)...
#...).)(@.<##....>###
#.##...##.†..........
#.##...##.###.....###
#...........##.....#
#................###
#................#
#......###.......#
##..... ........#
#..... #.......#


You could see a kobold.

Vanquished Creatures
  An orc wizard (D:3)
  3 dart slugs (D:1)
  3 leopard geckos
  4 orcs
  5 bats
  6 goblins
  5 hobgoblins
  4 jackals (D:2)
  A quokka (D:2)
  2 ball pythons (D:2)
  2 frilled lizards
  6 kobolds
  2 rats (D:2)
44 creatures vanquished.

Notes
Turn   | Place    | Note
-------+----------+-------------------------------------------
     0 | D:1      | halkony2012 the Hill Orc Monk began the quest for the Orb.
     0 | D:1      | Reached XP level 1. HP: 19/19 MP: 1/1
   308 | D:1      | Reached XP level 2. HP: 24/27 MP: 2/2
   713 | D:1      | Reached skill level 5 in Axes
   894 | D:1      | Reached XP level 3. HP: 30/33 MP: 3/3
  1791 | D:3      | Found a basalt altar of Yredelemnul.
  1833 | D:2      | Reached XP level 4. HP: 26/40 MP: 4/4
  1962 | D:3      | Reached skill level 6 in Axes
  1963 | D:3      | HP: 2/41 [poisoned by kobold (curare-tipped dart)]
  1964 | D:3      | Succumbed to kobold's curare-tipped dart

Illustrated notes

Levels and vault maps discovered:
D:1:      arrival_zaba_pyramid, layout_basic
D:2:      layout_rooms
D:3:      layout_basic, yredelemnul_altar_generic, minmay_stone_trees_small

Skill      XL: |  1  2  3  4 |
---------------+-------------+-----
Fighting       | 4 |  4.3
Axes           | 5 6 |  6.3
Dodging        | |  2.4
Stealth        | |  1.5

Action                   |  1- 3 |  4- 6 || total
-------------------------+-------+-------++-------
Melee: Hand axe          |   155 |    14 ||   169
  Use: Potion            |       |     1 ||     1
 Stab: Sleeping          |     7 |       ||     7
Armor: Robe              |    12 |     1 ||    13
Dodge: Dodged            |    95 |    12 ||   107

Table legend: (Time is in decaauts)
 A = Elapsed time spent in this place.
 B = Non-inter-level travel time spent in this place.
 C = Inter-level travel time spent in this place.
 D = Time resting spent in this place.
 E = Time spent auto-exploring this place.
 F = Levels seen in this place.
 G = Mean time per level.
                   A        B        C        D        E       F      G
               +--------+--------+--------+--------+--------+-----+--------+
         Total |   1973 |   1930 |     43 |    252 |   1245 |   3 |  657.7 |
       Dungeon |   1973 |   1930 |     43 |    252 |   1245 |   3 |  657.7 |
               +--------+--------+--------+--------+--------+-----+--------+

Top non-repeatable levels by time:
     D:1: 1163 daAuts
     D:2: 761 daAuts
     D:3: 47 daAuts
